cohdb
Replays
Latest Replays
All Replays
Popular Replays
Top Player Replays
Match Explorer
How It Works
Community
CoH3 Stats
Reddit
Sign in to upload your games and track your stats! →
Sign in with Steam
Match 37411965
Unlisted
Match 37411965
Overview
Messages
Build Orders
End
Construct Infanterie Kompanie
MG 42 Machine Gun Team
Grenadier Squad
Grenadier Squad
Construct Luftwaffe Kompanie
Flak 30 Anti-aircraft Gun Team
Jäger Squad
Construct Panzer Kompanie
Stoßtruppen Squad
R19
嫂子开门我是我哥
皮皮
四仰八叉的猫
mayrc
装甲教导团
柱子你他娘的打歪了
TormundChan
0
0
Comments
sign in to comment!
No comments posted yet!